 Dungeon Crawl Stone Soup version 0.31-a0-4-gefa6de2278 (webtiles) character file.

Game seed: 12546617677859838408

37 retardedninja the Firebug (level 3, 0/25 HPs)
             Began as a Gnoll Fire Elementalist on May 3, 2023.
             Slain by a worm (9 damage)
             ... on level 2 of the Dungeon.
             The game lasted 00:01:08 (1472 turns).

retardedninja the Firebug (Gnoll Fire Elementalist) Turns: 1472, Time: 00:01:08

Health: 0/25       AC:  2    Str:  7    XL:     3   Next: 39%
Magic:  3/9        EV: 13    Int: 16    God:
Gold:   60         SH:  0    Dex: 12    Spells: 11/12 levels left

rFire   . . .        (no weapon)
rCold   . . .        (no shield)
rNeg    . . .        a - +0 robe
rPois   .            (no helmet)
rElec   .            (no cloak)
rCorr   .            (no gloves)
SInv    .            (no boots)
Will    .....        (no amulet)
Stlth   ++           (no ring)
HPRegen 0.24/turn    (no ring)
MPRegen 0.11/turn

%: no passive effects
@: no status effects
A: fangs 1, strong nose, distributed training
a: no special abilities


You were on level 2 of the Dungeon.
You visited 1 branch of the dungeon, and saw 2 of its levels.

You collected 60 gold pieces.

Inventory:

Armour
 a - a +0 robe (worn)
 e - a +0 helmet
 i - a +0 pair of gloves
Jewellery
 k - a +5 ring of evasion
Scrolls
 h - 2 scrolls of magic mapping {unknown}
 l - a scroll of enchant armour {unknown}
Potions
 b - a potion of magic
 c - a potion of might {unknown}
 d - a potion of curing {unknown}
 f - a potion of heal wounds {unknown}
 g - a potion of invisibility {unknown}
 j - a potion of lignification {unknown}


   Skills:
 + Level 0.8 Fighting
 + Level 0.8 Short Blades
 + Level 0.8 Long Blades
 + Level 0.8 Axes
 + Level 0.8 Maces & Flails
 + Level 0.8 Polearms
 + Level 0.8 Staves
 + Level 0.8 Ranged Weapons
 + Level 0.8 Throwing
 + Level 0.8 Armour
 + Level 4.5 Dodging
 + Level 4.1 Stealth
 + Level 0.8 Shields
 + Level 0.8 Unarmed Combat
 + Level 5.0 Spellcasting
 + Level 2.1 Conjurations
 + Level 0.5 Hexes
 + Level 0.5 Summonings
 + Level 0.5 Necromancy
 + Level 0.5 Translocations
 + Level 0.5 Transmutations
 + Level 5.4 Fire Magic
 + Level 0.5 Ice Magic
 + Level 0.5 Air Magic
 + Level 0.5 Earth Magic
 + Level 0.5 Poison Magic
 + Level 1.0 Invocations
 + Level 0.8 Evocations


You had 11 spell levels left.
You knew the following spells:

 Your Spells              Type           Power      Damage    Failure   Level
a - Foxfire               Conj/Fire      64%        2x1d7     3%          1

Your spell library contained the following spells:

 Spells                   Type           Power      Damage    Failure   Level
 Scorch                   Fire           42%        2d7       2%          2
 Kiss of Death            Conj/Necr      32%        2d7       9%          1
 Inner Flame              Hex/Fire       13%        N/A       13%         3
 Volatile Blastmotes      Fire/Tloc      26%        2d12      13%         3
 Flame Wave               Conj/Fire      16%        2d7       32%         4
 Confusing Touch          Hex            5%         N/A       34%         3
 Dispel Undead            Necr           5%         3d7       75%         4


Dungeon Overview and Level Annotations

Branches:
Dungeon (2/15)

Altars:

Annotations:
D:2 Robin


Innate Abilities, Weirdness & Mutations

You have very sharp teeth.
Your uncanny sense of smell can sniff out nearby items.
Your experience applies equally to all skills.


Message History

You conjure some foxfire!
You hear a shout! x2
The worm bites you.
The foxfire hits the goblin.
The goblin is moderately wounded.
The foxfire hits the goblin.
You kill the goblin!
A hobgoblin comes into view.
Unknown command.
Unknown command.
A goblin comes into view. It is wielding a +0 dagger.
The goblin moves out of view.
Your magical contamination has completely faded away.
The goblin attacks as you move away! The goblin closely misses you.
The goblin hits you with a +0 dagger.
Robin roars a battlecry!
The goblins go into a battle-frenzy!
Robin roars a battlecry!
A goblin comes into view. It is wielding a +0 dagger.
Robin throws the goblin at you!
You barely miss the goblin.
A goblin comes into view. It is wielding a +0 club.
The worm bites you. The goblin misses you.
A goblin comes into view. It is wielding a +0 dagger.
Robin roars a battlecry!
The goblin goes into a battle-frenzy!
You hit the goblin but do no damage. You bite the goblin.
The goblin is moderately wounded.
A hobgoblin comes into view.
The goblin barely misses you.
You miss the goblin.
The goblin is moderately wounded.
The worm barely misses you. The goblin hits you with a +0 dagger.
You closely miss the goblin.
The goblin is moderately wounded.
The goblin hits you with a +0 dagger.
You barely miss the goblin.
The goblin is moderately wounded.
The worm bites you!
You die...

.....† ......#
####### .....)g##
#.....#
..†...gg##
#.....#
##+#.##gr#
#.....#
##.###.....#
#.gg#.....#
###w#.....#
#@g.....#######
####....##....#
#.#..##.##.#
###.#...#.##.## #
#....#........###
#.##########.....
#.# #...###. ∆
### ##### ##


You could see a worm, Robin, a hobgoblin (strong), 5 goblins and a rat.

Vanquished Creatures
  An adder (D:2)
  A dart slug (D:1)
  5 bats
  An endoplasm (D:1)
  A giant cockroach (D:1)
  5 goblins
  3 hobgoblins
  A quokka (D:2)
  2 ball pythons (D:1)
  2 frilled lizards (D:2)
  A kobold (D:1)
23 creatures vanquished.

Vanquished Creatures (others)
  94 foxfires
  7 plants (D:2)
101 creatures vanquished.

Grand Total: 124 creatures vanquished

Notes
Turn   | Place    | Note
-------+----------+-------------------------------------------
     0 | D:1      | retardedninja the Gnoll Fire Elementalist began the quest
                  | for the Orb.
     0 | D:1      | Reached XP level 1. HP: 13/13 MP: 6/6
   326 | D:1      | Reached XP level 2. HP: 19/19 MP: 4/7
   487 | D:1      | Found a faded altar of an unknown god.
  1238 | D:2      | Reached skill level 5 in Spellcasting
  1238 | D:2      | Reached XP level 3. HP: 25/25 MP: 4/9
  1454 | D:2      | Reached skill level 1 in Invocations
  1455 | D:2      | Noticed Robin
  1472 | D:2      | Slain by a worm

Illustrated notes

Levels and vault maps discovered:
D:1:      minmay_arrival_widening_spiral_wide, layout_loops_ring,
          shapermc_ecumenical_altar_mp_urbaneastern,
          hangedman_abyss_or_decor_lesser_grid, minmay_unequal
D:2:      layout_basic, basic_altar, minmay_lizard_king, uniq_terence,
          uniq_robin

Skill      XL: |  1  2  3 |
---------------+----------+-----
Conjurations   | 2 |  2.1
Spellcasting   | 5 |  5.0
Invocations    | 1 |  1.0
Fighting       | |  0.8
Short Blades   | |  0.8
Long Blades    | |  0.8
Axes           | |  0.8
Maces & Flails | |  0.8
Polearms       | |  0.8
Staves         | |  0.8
Ranged Weapons | |  0.8
Throwing       | |  0.8
Armour         | |  0.8
Dodging        | |  4.5
Stealth        | |  4.1
Shields        | |  0.8
Unarmed Combat | |  0.8
Hexes          | |  0.5
Summonings     | |  0.5
Necromancy     | |  0.5
Translocations | |  0.5
Transmutations | |  0.5
Fire Magic     | |  5.4
Ice Magic      | |  0.5
Air Magic      | |  0.5
Earth Magic    | |  0.5
Poison Magic   | |  0.5
Evocations     | |  0.8

Action                     || total
---------------------------++-------
  Melee: Unarmed           ||     5
         Bite              ||     1
   Cast: Foxfire           ||    57
 Armour: Robe              ||     6
  Dodge: Dodged            ||    14

Table legend: (Time is in decaauts)
 A = Elapsed time spent in this place.
 B = Non-inter-level travel time spent in this place.
 C = Inter-level travel time spent in this place.
 D = Time resting spent in this place.
 E = Time spent auto-exploring this place.
 F = Levels seen in this place.
 G = Mean time per level.
                   A        B        C        D        E       F      G
               +--------+--------+--------+--------+--------+-----+--------+
         Total |   1471 |   1445 |     26 |      0 |   1265 |   2 |  735.5 |
       Dungeon |   1471 |   1445 |     26 |      0 |   1265 |   2 |  735.5 |
               +--------+--------+--------+--------+--------+-----+--------+

Top non-repeatable levels by time:
     D:1: 1123 daAuts
     D:2: 348 daAuts
